Map: Temple gelé

Players

pupu

  • Race: Protoss Protoss
  • League: Silver

FabulousRedP - Winner!

  • Race: Protoss Protoss

VOD

Have the link to the VOD?

Description

Time

  • Played on: April 1, 2016, 3:15 p.m.
  • Length: 3:36
Show
View Real Time Build Order
Export as new Build Order

pupu Protoss 

Build Orders: 1 Gate Expand 

Get SALT Encoding   

  12  0:01  Probe (Chrono Boost)  
  13  0:11  Probe (Chrono Boost)  
  14  0:22  Probe (Chrono Boost)  
  14  0:23  Pylon  
  15  0:41  Probe (Chrono Boost)  
  16  0:42  Gateway  
  16  0:52  Probe (Chrono Boost)  
  17  1:02  Probe (Chrono Boost)  
  18  1:21  Assimilator  
  18  1:22  Nexus  
  18  1:30  Cybernetics Core  
  18  1:33  Probe (Chrono Boost)  
  19  1:41  Assimilator  
  19  1:45  Probe (Chrono Boost)  
  20  1:55  Zealot  
  20  1:56  Probe (Chrono Boost)  
  23  2:12  Pylon  
  23  2:30  Probe (Chrono Boost)  
  24  2:39  Adept  
  24  2:40  Probe (Chrono Boost)  
  27  2:48  Pylon  
  27  2:50  Forge  
  27  2:52  Probe  
  28  3:00  Gateway  
  28  3:03  Probe  
  28  3:05  Probe  
  30  3:15  Probe (Chrono Boost)  
Show
View Real Time Build Order
Export as new Build Order

FabulousRedP Protoss - Winner!

Build Orders:  

Get SALT Encoding   

  12  0:01  Probe (Chrono Boost)  
  13  0:12  Probe (Chrono Boost)  
  14  0:18  Pylon  
  14  0:40  Probe (Chrono Boost)  
  15  0:50  Probe (Chrono Boost)  
  15  0:56  Pylon  
  16  1:01  Probe (Chrono Boost)  
  17  1:15  Gateway  
  17  1:16  Gateway  
  17  1:18  Gateway  
  18  1:25  Probe (Chrono Boost)  
  18  1:39  Assimilator  
  18  1:44  Probe (Chrono Boost)  
  18  1:46  Pylon  
  19  2:03  Zealot  
  19  2:04  Zealot  
  19  2:05  Zealot  
  25  2:09  Cybernetics Core  
  25  2:16  Probe (Chrono Boost)  
  26  2:26  Probe (Chrono Boost)  
  27  2:30  Zealot  
  27  2:31  Zealot  
  27  2:33  Zealot  
  27  2:35  Pylon  
  33  2:46  Pylon  
  33  2:58  Adept x2  
  37  3:01  Adept  
  39  3:13  Pylon  
Tags
 
Add a new tag
Caveats
  • Supply blocks, unpowered buildings, or Contaminate may cause inaccurate times.
  • Supply counts are checked every 10 seconds.